 Dungeon Crawl Stone Soup version 0.25-a0-24-g72dcfe0 (webtiles) character file.

Game seed: 6878780454998459725, levelgen mode: deterministic

53 DrEnzyme the Magician (level 3, 0/18 HPs)
             Began as a Vine Stalker Wanderer on Oct 16, 2019.
             Succumbed to a kobold's poison
             ... on level 3 of the Dungeon.
             The game lasted 00:08:43 (2975 turns).

DrEnzyme the Magician (Vine Stalker Wanderer)       Turns: 2975, Time: 00:08:44

Health: 0/18       AC:  2    Str: 11 (13) XL:     3   Next: 89%
Magic:  2/9        EV: 11    Int: 11 (14) God:
Gold:   51         SH:  0    Dex: 10 (13) Spells: 4/9 levels left

rFire    . . .     SeeInvis .   d - +1 spear
rCold    + + .     Gourm    .   (no shield)
rNeg     . . .     Faith    .   c - +0 robe
rPois    .         Spirit   +   (no helmet)
rElec    .         Reflect  .   (no cloak)
rCorr    .         Harm     .   (no gloves)
MR       .....                  (no boots)
Stlth    ++........             (no amulet)
HPRegen  0.06/turn              m - ring of protection from cold
MPRegen  0.11/turn              n - ring of protection from cold

@: lethally poisoned (0 -> -8), very slightly contaminated
A: fangs 2, magic shield, antimagic bite, no potion heal 3, rot immunity
a: no special abilities


You were on level 3 of the Dungeon.
You were not hungry.

You visited 1 branch of the dungeon, and saw 4 of its levels.

You collected 51 gold pieces.

Inventory:

Hand Weapons
 d - a +1 spear (weapon)
Missiles
 b - 10 poisoned darts (quivered)
Armour
 c - a +0 robe (worn)
 h - a +2 shield
Jewellery
 m - a ring of protection from cold (left hand)
 n - a ring of protection from cold (right hand)
Scrolls
 e - 2 scrolls of remove curse
 j - a scroll of teleportation
Potions
 l - 2 potions of flight
Comestibles
 f - 6 rations
 g - 2 chunks of flesh


   Skills:
 + Level 2.0 Fighting
   Level 1.0 Crossbows
 + Level 0.1 Dodging
 + Level 1.7 Stealth
 * Level 1.0 Shields
 + Level 3.5 Spellcasting
 * Level 1.2 Conjurations
   Level 3.0 Poison Magic


You had 4 spell levels left.
You knew the following spells:

 Your Spells              Type           Power        Failure   Level  Hunger
a - Magic Dart            Conj           #...         16%         1    #......
b - Blink                 Tloc           N/A          36%         2    ###....
c - Call Imp              Summ           #.......     36%         2    ###....

Your spell library contained the following spells:

 Spells                   Type           Power        Failure   Level  Hunger
 Slow                     Hex            #.......     36%         2    ###....
 Mephitic Cloud           Conj/Pois/Air  #.......     38%         3    ###....
 Conjure Flame            Conj/Fire      #.......     50%         3    ###....


Dungeon Overview and Level Annotations

Branches:
Dungeon (4/15)
 Temple: D:4-7

Altars:
Kikubaaqudgha
Trog
The Shining One


Innate Abilities, Weirdness & Mutations

You have extremely sharp teeth.
When hurt, damage is shared between your health and your magic reserves.
Your bite disrupts and absorbs the magic of your enemies.
Potions cannot restore your health.
You are immune to rotting.


Message History

You kill the kobold!
* * * LOW HITPOINT WARNING * * *
You feel sick.
Okay, then.
Okay, then.
* * * LOW HITPOINT WARNING * * *
You feel sick.
Things that are here:
a hobgoblin corpse; a giant cockroach corpse
* * * LOW HITPOINT WARNING * * *
You feel sick.
Things that are here:
a +0 club; a cursed +0 leather armour
* * * LOW HITPOINT WARNING * * *
You feel sick.
You see here a poisoned dart.
You see here 3 poisoned darts.
* * * LOW HITPOINT WARNING * * *
You feel sick.
You die...

#.........#
#.....(...#
.#
#.........#
.#
#......>..#
.#
#!.....†..#
.#
#######)###
.# #.####.# #
#(#....#..###
#.(..@.......
###.####..###
...# # #####


There were no monsters in sight!

Vanquished Creatures
  A gnoll (D:1)
  An ooze (D:2)
  2 dart slugs (D:1)
  A leopard gecko (D:1)
  An orc (D:3)
  4 bats
  2 giant cockroaches
  6 goblins
  3 hobgoblins
  3 jackals
  A quokka (D:3)
  2 kobolds
  5 rats
32 creatures vanquished.

Notes
Turn   | Place    | Note
-------+----------+-------------------------------------------
     0 | D:1      | DrEnzyme the Vine Stalker Wanderer began the quest for the
                  | Orb.
     0 | D:1      | DrEnzyme set off with the following items: a +0 club, a
                  | potion of lignification, a +0 robe, a ration; and the
                  | following spell memorised: Magic Dart; and the following
                  | spells available to memorise: Blink, Call Imp, Slow,
                  | Mephitic Cloud, Conjure Flame
     0 | D:1      | Reached XP level 1. HP: 11/11 MP: 4/4
   843 | D:1      | Reached XP level 2. HP: 15/15 MP: 2/6
  1323 | D:1      | Reached XP level 3. HP: 18/18 MP: 4/8
  1475 | D:1      | Learned a level 2 spell: Blink
  1478 | D:1      | Learned a level 2 spell: Call Imp
  1998 | D:2      | Reached skill level 1 in Conjurations
  2130 | D:2      | Found a glowing golden altar of the Shining One.
  2213 | D:2      | Found a bloodstained altar of Trog.
  2214 | D:2      | Found an ancient bone altar of Kikubaaqudgha.
  2975 | D:3      | Succumbed to a kobold's poison

Levels and vault maps discovered:
D:1:      zaba_arrival_water, layout_basic
D:2:      layout_loops_cross, nicolae_overflow_crystal_walls,
          grunt_temple_overflow_open, first_ration
D:3:      minmay_spotlight, layout_basic, kennysheep_generic_room_13
D:4:      layout_basic, nicolae_gozag_cash_rules_everything_around_me

Skill      XL: |  1  2  3 |
---------------+----------+-----
Spellcasting   | 3 |  3.5
Conjurations   | 1 |  1.2
Fighting       | 2 |  2.0
Crossbows      | |  1.0
Dodging        | |  0.1
Stealth        | |  1.7
Shields        | |  1.0
Poison Magic   | |  3.0

Action                   || total
-------------------------++-------
Melee: Club              ||     7
       Spear             ||    40
       Bite              ||     7
Throw: Dart              ||     3
 Cast: Magic Dart        ||    72
  Use: Potion            ||     6
       Scroll            ||     5
 Stab: Sleeping          ||     1
  Eat: Chunk             ||     4
       Ration            ||     1
Armor: Robe              ||     9
       Skin              ||     6
Dodge: Dodged            ||    35

Table legend:
 A = Non-vault XP
 B = Vault XP
 C = Vault XP percentage of total XP
 D = Non-vault monster count
 E = Vault monster count
 F = Vault count percentage of total count
                 A         B        C        D         E       F
            +---------+---------+-------+---------+---------+-------
      Total |      74 |       3 |   3.9 |      30 |       2 |   6.2
            +---------+---------+-------+---------+---------+-------
        D:1 |      46 |       0 |   0.0 |      16 |       0 |   0.0
        D:2 |      16 |       0 |   0.0 |       7 |       0 |   0.0
        D:3 |      12 |       3 |  20.0 |       7 |       2 |  22.2
            +---------+---------+-------+---------+---------+-------
